 Dungeon Crawl Stone Soup version 0.32-a0-20-ge526923d97 (webtiles) character file.

Game seed: 6210436168033045309

3639 jasper the Toxicologist (level 9, 0/75 HPs)
             Began as an Armataur Alchemist on Jan 17, 2024.
             Was a Believer of Vehumet.
             Succumbed to a killer bee's poison
             ... on level 8 of the Dungeon.
             The game lasted 00:10:51 (7559 turns).

jasper the Toxicologist (Armataur Alchemist)        Turns: 7559, Time: 00:10:52

Health: 0/75       AC: 11    Str: 11    XL:     9   Next: 87%
Magic:  6/15       EV: 10    Int: 23    God:    Vehumet [**....]
Gold:   237        SH:  9    Dex:  8    Spells: 3/16 levels left

rFire   . . .        L - +2 long sword of the Sea {elec, rElec rC++ Dex-2 Stlth+}
rCold   + + .        k - +0 kite shield
rNeg    . . .        a - +0 robe
rPois   .            (no helmet)
rElec   +            j - +0 cloak
rCorr   .            y - +0 pair of gloves
SInv    .            m - +1 barding {Stlth+}
Will    .....        J - amulet of the acrobat
Stlth   ++++         h - +5 ring of evasion
HPRegen 0.32/turn    B - ring "Jesycluyni" {Wiz Fly Str-3 Int+3}
MPRegen 0.14/turn

%: acrobat, roll, wizardry (x1)
@: lethally poisoned (0 -> -13), flying
A: large, deformed body, tough skin 3, armoured tail, roll 2
a: Renounce Religion


You were on level 8 of the Dungeon.
You worshipped Vehumet.
Vehumet was pleased with you.
You visited 2 branches of the dungeon, and saw 9 of its levels.
You also visited: Sewer.

You collected 325 gold pieces.
You spent 88 gold pieces at shops.

Inventory:

Hand Weapons
 c - a +0 short sword
 f - a +0 spear
 g - a +3 spear
 x - a +5 dire flail of flaming
 L - the +2 long sword of the Sea (weapon) {elec, rElec rC++ Dex-2 Stlth+}
   (You found it on level 7 of the Dungeon)

   Dex-2:     It affects your dexterity (-2).
   rC++:      It greatly protects you from cold.
   rElec:     It insulates you from electricity.
   Stlth+:    It makes you more stealthy.
Missiles
 F - 2 javelins
Armour
 a - a +0 robe (worn)
 e - the +0 leather armour of Ifin Upa {Dex+6}
   (You found it on level 2 of the Dungeon)

   Dex+6:     It affects your dexterity (+6).
 j - a +0 cloak (worn)
 k - a +0 kite shield (worn)
 m - a +1 barding of stealth (worn)
 y - a +0 pair of gloves (worn)
Magical Staves
 q - a staff of conjuration
 v - a staff of air
Jewellery
 h - a +5 ring of evasion (left hand)
 u - the ring "Xyggeir" {rElec rPois rF- rC+ Str+3}
   (You found it in a sewer)

   [ring of protection from cold]

   Str+3:     It affects your strength (+3).
   rF-:       It makes you vulnerable to fire.
   rC+:       It protects you from cold.
   rElec:     It insulates you from electricity.
   rPois:     It protects you from poison
 B - the ring "Jesycluyni" (right hand) {Wiz Fly Str-3 Int+3}
   (You acquired it on level 5 of the Dungeon)

   [ring of wizardry]

   Wiz:       It improves your spell success rate.
   Str-3:     It affects your strength (-3).
   Int+3:     It affects your intelligence (+3).
   Fly:       It grants you flight.
 G - a ring of willpower
 J - an amulet of the acrobat (around neck)
Wands
 n - a wand of polymorph (13)
 o - a wand of flame (15)
 E - a wand of quicksilver (4)
 H - a wand of digging (2)
Scrolls
 i - 2 scrolls of fog
 l - 2 scrolls of fear
 A - 6 scrolls of teleportation
 I - a scroll of identify
 K - a scroll of vulnerability
 M - a scroll of brand weapon
Potions
 b - 2 potions of magic
 d - 3 potions of mutation
 p - 2 potions of brilliance
 r - 2 potions of attraction {unknown}
 s - a potion of degeneration {unknown}
 t - a potion of haste {unknown}
 w - a potion of lignification {unknown}
 z - a potion of berserk rage {unknown}
 C - a potion of enlightenment {unknown}
 D - a potion of invisibility {unknown}
 N - a potion of curing {unknown}


   Skills:
 + Level 5.8 Fighting
 - Level 1.3 Dodging
 - Level 2.1 Stealth
 + Level 6.9 Shields
 - Level 4.0 Spellcasting
 - Level 2.0 Conjurations
 - Level 4.0 Fire Magic
 - Level 2.0 Air Magic
 - Level 8.0 Alchemy


You had 3 spell levels left.
You knew the following spells:

 Your Spells              Type           Power      Damage    Failure   Level
a - Sting                 Conj/Alch      100%       1d9       1%          1
b - Mephitic Cloud        Conj/Alch/Air  23%        N/A       9%          3
c - Olgreb's Toxic Radia  Alch           41%        N/A       5%          4
d - Sticky Flame          Fire/Alch      32%        2d7       12%         4
e - Apportation           Tloc           8%         N/A       14%         1

Your spell library contained the following spells:

 Spells                   Type           Power      Damage    Failure   Level
 Magic Dart               Conj           52%        1d5       6%          1
 Mercury Vapours          Alch/Air       54%        N/A       2%          2
 Necrotise                Necr           16%        1d4       14%         1
 Summon Small Mammal      Summ           16%        N/A       14%         1


Dungeon Overview and Level Annotations

Branches:
Dungeon (8/15)             Temple (1/1) D:4           Sewer (visited)
   Lair: D:8-11

Altars:
Cheibriados
Dithmenos
Elyvilon
Hepliaklqana
Kikubaaqudgha
Nemelex Xobeh
Ru
Trog
Uskayaw
Vehumet
Wu Jian
Xom
Yredelemnul
Zin

Shops:
D:2 ?   D:6 *

Annotations:
D:5 2 transporters, Jaq's ghost, novice DEFE


Innate Abilities, Weirdness & Mutations

Armour fits poorly on your strangely shaped body.
You have extremely tough skin. (AC +3)
You have a long armoured tail.
You regenerate magic and health when rolling toward enemies. (Rampage Regen)


Message History

You take 18 damage, and have 46/75 hp.
MASSIVE DAMAGE!!
You barely miss the howler monkey. You tail-slap the howler monkey.
The howler monkey is almost dead.
A killer bee comes into view.
The howler monkey hits you but does no damage.
The shadow imp hits you.
The howler monkey hits you but does no damage.
You take 4 damage, and have 42/75 hp.
The killer bee buzzes angrily.
You hit the howler monkey.
You kill the howler monkey!
Vehumet accepts your kill. The shadow imp hits you.
You block the shadow imp's attack.
You take 2 damage, and have 40/75 hp.
A centaur comes into view.
Found a square garnet amulet.
The centaur shouts!
The centaur wields a +0 orcbow.
The centaur shoots an arrow.
The arrow completely misses you. The killer bee misses you.
You see here a howler monkey corpse.
You closely miss the killer bee.
Your tail-slap misses the killer bee.
The killer bee stings you.
You are poisoned.
The killer bee poisons you!
The centaur shoots an arrow.
The arrow hits you! The killer bee stings you. The shadow imp gestures at you.
Pain shoots through your body!
* * * LOW HITPOINT WARNING * * *
You block the killer bee's attack.
You closely miss the killer bee.
You feel sick. The killer bee closely misses you.
The centaur shoots an arrow.
The arrow hits you but does no damage. The killer bee stings you.
* * * LOW HITPOINT WARNING * * *
You are lethally poisoned!
The killer bee poisons you!
The shadow imp hits you but does no damage.
The centaur shoots an arrow.
The arrow hits you but does no damage. You block the killer bee's attack.
The shadow imp barely misses you.
You barely miss the killer bee.
You die...

# #.......
..#......
.#....<####
....#....#
#........# #
#......# #.
#.†....#
#.#..#.5....#
#.....<.@...#
###.#...y...#
#
#......./c..
####........
.........
.##.#.#.# .
.#.. . #" .#
#.


You could see a centaur, a killer bee and a shadow imp.

Vanquished Creatures
  A wyvern (D:7)
  A steam dragon (D:5)
  Menkaure (D:6)
  Edmund (D:5)
  3 black bears
  Pargi (Sewer)
  An orc warrior (D:6)
  2 ice beasts
  A sky beast (D:7)
  2 ogres
  3 phantoms
  Blork the orc (D:4)
  A kobold brigand (D:6)
  2 bullfrogs
  A brain worm (Sewer)
  3 scorpions
  5 wights (D:7)
  12 killer bees
  3 howler monkeys (D:8)
  4 hounds
  2 jellies
  An orc priest (D:5)
  Ijyb (D:4)
  3 iguanas
  Natasha (thrice) (D:2)
  An orc wizard (D:6)
  4 adders
  2 shadow imps (D:6)
  2 white imps
  4 ufetubi
  A ribbon worm (D:3)
  A dart slug (D:3)
  16 orcs
  5 endoplasms
  2 giant cockroaches
  6 goblins
  7 hobgoblins
  9 jackals
  6 quokkas
  8 ball pythons
  4 bats
  5 frilled lizards
  16 kobolds
  8 rats
166 creatures vanquished.

Notes
Turn   | Place    | Note
-------+----------+-------------------------------------------
     0 | D:1      | jasper the Armataur Alchemist began the quest for the Orb.
     0 | D:1      | Reached XP level 1. HP: 14/14 MP: 3/3
    85 | D:1      | Found a faded altar of an unknown god.
    91 | D:1      | Reached skill level 3 in Alchemy
   239 | D:1      | Reached XP level 2. HP: 13/20 MP: 0/4
   807 | D:2      | Identified the +0 leather armour of Ifin Upa {Dex+6}
   931 | D:2      | Reached XP level 3. HP: 26/26 MP: 0/5
   940 | D:2      | Learned a level 3 spell: Mephitic Cloud
  1106 | D:2      | Noticed Natasha
  1109 | D:2      | Reached skill level 4 in Alchemy
  1132 | D:2      | Killed Natasha
  1317 | D:2      | Found Woeqeonn's Magic Scroll Shop.
  1320 | D:2      | Bought a scroll of fear for 44 gold pieces
  1320 | D:2      | Bought a scroll of fog for 44 gold pieces
  1461 | D:2      | Reached XP level 4. HP: 33/33 MP: 2/6
  1586 | D:2      | Noticed Natasha
  1593 | D:2      | Killed Natasha
  1746 | D:2      | Noticed Natasha
  1753 | D:2      | Killed Natasha
  2007 | D:3      | Found a snail-covered altar of Cheibriados.
  2217 | D:3      | Found a glowing drain.
  2242 | D:3      | Reached XP level 5. HP: 34/38 MP: 1/8
  2245 | Sewer    | Entered a sewer
  2305 | Sewer    | Noticed Pargi
  2317 | Sewer    | Killed Pargi
  2318 | Sewer    | Reached skill level 5 in Alchemy
  2395 | Sewer    | Learned a level 4 spell: Olgreb's Toxic Radiance
  2412 | Sewer    | Reached XP level 6. HP: 28/45 MP: 3/10
  2679 | Sewer    | Identified the ring "Xyggeir" {rElec rPois rF- rC+ Str+3}
  3469 | D:4      | Reached skill level 6 in Alchemy
  3469 | D:4      | Gained mutation: You regenerate magic and health when
                  | rolling toward enemies. (Rampage Regen) [Armataur growth]
  3469 | D:4      | Reached XP level 7. HP: 42/50 MP: 7/13
  3474 | D:4      | Learned a level 4 spell: Sticky Flame
  3691 | D:4      | Found a staircase to the Ecumenical Temple.
  3719 | Temple   | Entered the Ecumenical Temple
  3723 | Temple   | Became a worshipper of Vehumet
  3842 | D:4      | Noticed Blork the orc
  3848 | D:4      | Killed Blork the orc
  4081 | D:4      | Reached skill level 7 in Alchemy
  4221 | D:4      | Noticed Ijyb
  4235 | D:4      | Killed Ijyb
  4359 | D:4      | Identified a scroll of acquirement
  4359 | D:4      | Acquired a +1 barding of stealth
  4424 | D:5      | Entered Level 5 of the Dungeon
  4425 | D:5      | Noticed Edmund
  4439 | D:5      | Noticed Jaq's ghost (novice DEFE)
  4441 | D:5      | Noticed a hornet
  4446 | D:5      | Killed Edmund
  4447 | D:5      | Reached skill level 8 in Alchemy
  4447 | D:5      | Reached skill level 1 in Fire Magic
  4447 | D:5      | Reached XP level 8. HP: 37/57 MP: 0/14
  4576 | D:5      | Found a transporter.
  4580 | D:5      | Found a transporter.
  4588 | D:5      | Reached skill level 1 in Conjurations
  4659 | D:5      | Reached skill level 1 in Air Magic
  4715 | D:5      | Noticed a +0 dagger
  4717 | D:5      | Noticed a +0 dagger
  4720 | D:5      | Found a hide-covered altar of Uskayaw.
  4898 | D:5      | Found a sacrificial altar of Ru.
  4904 | D:5      | Acquired the ring "Jesycluyni" {Wiz Fly Str-3 Int+3}
  4993 | D:5      | Reached * piety under Vehumet
  4993 | D:5      | Offered knowledge of Shock by Vehumet.
  5075 | D:5      | Found a white marble altar of Elyvilon.
  5155 | D:5      | Reached skill level 1 in Fighting
  5155 | D:5      | Reached skill level 1 in Shields
  5857 | D:6      | Noticed Menkaure
  5864 | D:6      | Found Qotibiox's Gadget Gallery.
  5866 | D:6      | Killed Menkaure
  5867 | D:6      | Reached XP level 9. HP: 48/68 MP: 11/15
  6226 | D:6      | Found a hazy altar of Hepliaklqana.
  6227 | D:6      | Found a shadowy altar of Dithmenos.
  6337 | D:6      | Found a glowing silver altar of Zin.
  6678 | D:7      | Learned a level 1 spell: Apportation
  6902 | D:7      | Found a basalt altar of Yredelemnul.
  6945 | D:7      | Reached skill level 5 in Shields
  7011 | D:7      | Identified the +2 long sword of the Sea {elec, rElec rC++
                  | Dex-2 Stlth+}
  7429 | D:7      | Reached skill level 5 in Fighting
  7541 | D:8      | Reached ** piety under Vehumet
  7541 | D:8      | Offered knowledge of Magic Dart by Vehumet.
  7559 | D:8      | Succumbed to a killer bee's poison

Illustrated notes

Levels and vault maps discovered:
D:1:      zaba_arrival_water, layout_basic,
          shapermc_ecumenical_altar_starsandcircs
D:2:      layout_basic, serial_shops, shop, minmay_pentomino_p4, uniq_natasha
D:3:      layout_basic, cheibriados_altar_1, cheibrodos_sewer_entry_bend,
          minmay_vboxes
D:4:      layout_basic, minmay_temple_entry_mini_moons,
          chequers_serial_rivers_micro_c, uniq_ijyb, uniq_blork_the_orc
D:5:      layout_gridville, mainiacjoe_overflow_catch_the_wave,
          dancing_weapons_uskayaw, gammafunk_ghost_hive, uniq_edmund
D:6:      layout_loops_ring, riverfiend_overflow_shadow_ancestor, zin_statuary,
          nicolae_shop_gadgets, uniq_menkaure
D:7:      layout_basic, mainiacjoe_overflow_24_doors
D:8:      gammafunk_wand_slinger, layout_basic,
          gammafunk_temple_overflow_statue, amethyst_killhole, st_stairs_5
Temple:   hellmonk_temple_two_chambers

Skill      XL: |  1  2  3  4  5  6  7  8  9 |
---------------+----------------------------+-----
Alchemy        | 3 4 5 6 8 |  8.0
Spellcasting   | 2 3 4 |  4.0
Fire Magic     | 1 4 |  4.0
Conjurations   | 2 |  2.0
Air Magic      | 2 |  2.0
Fighting       | 2 5 |  5.8
Shields        | 3 6 |  6.9
Dodging        | |  1.3
Stealth        | |  2.1

Action                     |  1- 3 |  4- 6 |  7- 9 || total
---------------------------+-------+-------+-------++-------
  Melee: Short sword       |    11 |       |       ||    11
         Unarmed           |     3 |       |       ||     3
         Tailslap          |     2 |     3 |    18 ||    23
         Spear             |     9 |    30 |    74 ||   113
         Dire flail        |       |       |    75 ||    75
         Long sword        |       |       |    26 ||    26
  Throw: Javelin           |       |       |     1 ||     1
   Cast: Sting             |    56 |    92 |    92 ||   240
         Olgreb's Toxic Ra |       |       |    22 ||    22
         Sticky Flame      |       |       |     7 ||     7
    Use: Scroll            |     1 |     3 |     8 ||    12
         Potion            |     1 |       |     2 ||     3
   Stab: Sleeping          |       |       |     2 ||     2
 Armour: Robe              |    34 |    50 |   180 ||   264
  Dodge: Dodged            |    15 |    37 |   140 ||   192
  Block: Kite shield       |       |       |    34 ||    34

Table legend: (Time is in decaauts)
 A = Elapsed time spent in this place.
 B = Non-inter-level travel time spent in this place.
 C = Inter-level travel time spent in this place.
 D = Time resting spent in this place.
 E = Time spent auto-exploring this place.
 F = Levels seen in this place.
 G = Mean time per level.
                   A        B        C        D        E       F      G
               +--------+--------+--------+--------+--------+-----+--------+
         Total |   7622 |   7461 |    161 |    209 |   6024 |  10 |  762.2 |
       Dungeon |   7114 |   6956 |    158 |    209 |   5596 |   8 |  889.2 |
        Temple |      8 |      5 |      3 |      0 |      0 |   1 |    8.0 |
         Sewer |    498 |    498 |      0 |      0 |    428 |   1 |  498.0 |
               +--------+--------+--------+--------+--------+-----+--------+

Top non-repeatable levels by time:
     D:5: 1180 daAuts
     D:4: 1087 daAuts
     D:2: 1039 daAuts
     D:6: 1024 daAuts
     D:3: 1004 daAuts
     D:7: 945 daAuts
     D:1: 802 daAuts
   Sewer: 498 daAuts
     D:8: 29 daAuts
  Temple: 8 daAuts
